 Dungeon Crawl Stone Soup version 0.25-a0-413-g3b4b6a4ccc (webtiles) character file.

Game seed: 2731235744449833099, levelgen mode: deterministic

105 MrRokkomies the Ducker (level 4, -7/21 HPs)
             Began as a Spriggan Venom Mage on Jan 14, 2020.
             Was an Initiate of Fedhas.
             Killed from afar by an orc wizard (10 damage)
             ... with a puff of flame
             ... on level 3 of the Dungeon.
             The game lasted 00:08:25 (2753 turns).

MrRokkomies the Ducker (Spriggan Venom Mage)        Turns: 2753, Time: 00:08:26

Health: -7/21      AC:  2    Str:  5    XL:     4   Next: 54%
Magic:  9/9        EV: 26    Int: 16    God:    Fedhas [......]
Gold:   134        SH:  0    Dex: 21    Spells: 2/8 levels left

rFire    . . .     SeeInvis +   a - +1 dagger (venom)
rCold    . . .     Gourm    .   (shield restricted)
rNeg     . . .     Faith    .   h - +0 robe
rPois    .         Spirit   .   (helmet restricted)
rElec    .         Reflect  .   (no cloak)
rCorr    .         Harm     .   (gloves unavailable)
MR       .....                  (boots unavailable)
Stlth    ++++......             (no amulet)
HPRegen  0.07/turn              (no ring)
MPRegen  0.11/turn              (no ring)

@: agile, very slightly contaminated, very quick
A: very small, unfitting armour, see invisible, herbivore, speed 3, slow
metabolism 2
a: Renounce Religion


You were on level 3 of the Dungeon.
You worshipped Fedhas.
Fedhas was noncommittal.
You were not hungry.

You visited 1 branch of the dungeon, and saw 3 of its levels.

You collected 134 gold pieces.

Inventory:

Hand Weapons
 a - a +1 dagger of venom (weapon)
 b - a +0 hunting sling
Missiles
 m - 173 stones (quivered)
 n - 25 sling bullets
Armour
 h - a +0 robe (worn)
Scrolls
 k - 2 scrolls of teleportation
Potions
 d - a potion of heal wounds
 e - 2 potions of flight
 g - 2 potions of mutation
Comestibles
 c - 4 rations


   Skills:
 + Level 1.7 Short Blades
 - Level 4.5 Dodging
 + Level 4.1 Stealth
 - Level 2.6 Spellcasting
 - Level 1.3 Transmutations
 * Level 3.8 Poison Magic
 * Level 0.6 Invocations


You had 2 spell levels left.
You knew the following spells:

 Your Spells              Type           Power        Failure   Level  Hunger
a - Sting                 Tmut/Pois      ##..         7%          1    #......
b - Poisonous Vapours     Pois/Air       #.....       14%         2    ##.....
c - Mephitic Cloud        Conj/Pois/Air  #.......     34%         3    ###....

Your spell library contained the following spells:

 Spells                   Type           Power        Failure   Level  Hunger
 Ignite Poison            Fire/Tmut/Pois #.......     28%         3    ###....
 Olgreb's Toxic Radiance  Pois           ##......     38%         4    #####..


Dungeon Overview and Level Annotations

Branches:
Dungeon (3/15)

Altars:
Ashenzari
Fedhas


Innate Abilities, Weirdness & Mutations

You are very small and have problems with some larger weapons.
You are too small for most types of armour.
You have supernaturally acute eyesight. (SInv)
You are a herbivore.
You cover ground extremely quickly.
You need to consume almost no food.


Message History

The orc wizard is severely wounded.
The orc wizard points at you and mumbles some strange words.
You easily resist.
You closely miss the orc wizard.
The orc wizard is severely wounded.
The orc wizard casts a spell at you. The puff of flame misses you.
You hit the orc wizard but do no damage.
The orc wizard is severely wounded.
The orc wizard casts a spell at you. The magic dart hits you!
* * * LOW HITPOINT WARNING * * *
You closely miss the orc wizard.
The orc wizard is almost dead.
You closely miss the orc wizard.
The orc wizard is almost dead.
The orc wizard points at you and mumbles some strange words.
The puff of flame hits you!
You die...
Fedhas appreciates your contribution to the ecosystem.

..........##.##........
...........#..#........
##...###......#.#
##.#####......#.##
.......#.........#
.......#......)#)#######
..)....#..............[.
...ยง...#......#.o#######
.......#......#.@.##
.......#......##...###
.......#......##.>...#
...................#.#
.......###########...#
.......# #.### ##########
#.# .........### #.#
########...# #.#


You could see an orc wizard (invisible).

Vanquished Creatures
  2 adders
  An ooze (D:1)
  3 worms (D:2)
  2 orcs (D:3)
  3 giant cockroaches
  5 goblins
  8 hobgoblins
  9 jackals
  9 kobolds
  A quokka (D:2)
  A ball python (D:1)
  9 bats
  4 frilled lizards
  11 rats
68 creatures vanquished.

Notes
Turn   | Place    | Note
-------+----------+-------------------------------------------
     0 | D:1      | MrRokkomies the Spriggan Venom Mage began the quest for the
                  | Orb.
     0 | D:1      | Reached XP level 1. HP: 9/9 MP: 5/5
   320 | D:1      | Reached XP level 2. HP: 13/13 MP: 6/6
   644 | D:1      | Reached skill level 1 in Short Blades
  1030 | D:1      | Reached XP level 3. HP: 16/16 MP: 8/8
  1247 | D:1      | Learned a level 2 spell: Poisonous Vapours
  1251 | D:1      | Learned a level 3 spell: Mephitic Cloud
  1705 | D:2      | Reached XP level 4. HP: 10/21 MP: 9/9
  1935 | D:2      | Found a blossoming altar of Fedhas.
  2021 | D:2      | Became a worshipper of Fedhas Madash
  2546 | D:3      | Found a shattered altar of Ashenzari.
  2753 | D:3      | Killed from afar by an orc wizard

Levels and vault maps discovered:
D:1:      eino_arrival_druids_welcome, layout_rooms,
          chequers_serial_rivers_small_b
D:2:      minmay_angry_zag, layout_rooms, lemuel_crystal_altar, first_ration
D:3:      cheibrodos_helix_gallery, layout_basic, nicolae_ru_awakened_eye,
          cheibrodos_ashenzari_chains, bloody_makhleb

Skill      XL: |  1  2  3  4 |
---------------+-------------+-----
Short Blades   | 1 |  1.7
Dodging        | 4 |  4.5
Stealth        | 4 |  4.1
Spellcasting   | |  2.6
Transmutations | |  1.3
Poison Magic   | |  3.8
Invocations    | |  0.6

Action                   |  1- 3 |  4- 6 || total
-------------------------+-------+-------++-------
Melee: Dagger            |   111 |    88 ||   199
 Cast: Sting             |    16 |    11 ||    27
  Use: Scroll            |       |     8 ||     8
       Potion            |       |     1 ||     1
 Stab: Sleeping          |     6 |     4 ||    10
       Distracted        |     1 |       ||     1
Armor: Robe              |    14 |     3 ||    17
Dodge: Dodged            |   129 |    80 ||   209

Table legend:
 A = Non-vault XP
 B = Vault XP
 C = Vault XP percentage of total XP
 D = Non-vault monster count
 E = Vault monster count
 F = Vault count percentage of total count
                 A         B        C        D         E       F
            +---------+---------+-------+---------+---------+-------
      Total |     106 |      45 |  29.8 |      57 |      11 |  16.2
            +---------+---------+-------+---------+---------+-------
        D:1 |      43 |      14 |  24.6 |      22 |       1 |   4.3
        D:2 |      48 |      27 |  36.0 |      28 |       8 |  22.2
        D:3 |      15 |       4 |  21.1 |       7 |       2 |  22.2
            +---------+---------+-------+---------+---------+-------
